[Event "Titled Tuesday Blitz July 18 Early 2023"]
[White "Palencia Morales, Wilson Guillermo"]
[Black "campochess"]
[WhiteFideId "4401859"]
[WhiteElo "2538"]
[BlackElo "2141"]
[Result "1-0"]
[Round "11"]
[TimeControl "180+2"]
[Date "2023.07.18"]
[WhiteClock "0:01:16"]
[BlackClock "0:00:29"]
[Board "123"]

1. d4 Nf6 2. c4 c5 3. Nc3 cxd4 4. Qxd4 Nc6 5. Qd1 g6 6. Nf3 Bg7 7. g3 d6 8. Bg2 O-O 9. O-O Bf5 10. Be3 Ne4 11. Nxe4 Bxe4 12. Qd2 Re8 13. Rac1 Rc8 14. b3 b6 15. Bh6 Bh8 16. Rfd1 Rc7 17. h4 Qa8 18. h5 Ne5 19. hxg6 Bxf3 20. gxf7+ Kxf7 21. Qf4+ Bf6 22. Bxf3 Qc8 23. Bh5+ Ng6 24. Bg5 Qh3 25. Bxg6+ hxg6 26. Bxf6 exf6 27. Rxd6 f5 28. Qg5 Qh5 29. Qf6+ Kg8 30. Rd8 Rc8 31. Rd7 Qh6 32. e3 Rf8 33. Qe6+ Kh8 34. Qe5+ Kg8 35. Qd5+ Kh8 36. Kg2 Rc5 37. Qd4+ Kg8 38. Rh1 1-0


[Site "https://www.chess.com"]

[Event "Titled Tuesday Blitz July 18 Early 2023"]
[White "Magallanes, Rey Jomar"]
[Black "Stork, Oliver"]
[WhiteFideId "5205948"]
[BlackFideId "12955728"]
[WhiteElo "2261"]
[BlackElo "2420"]
[Result "0-1"]
[Round "11"]
[TimeControl "180+2"]
[Date "2023.07.18"]
[WhiteClock "0:00:59"]
[BlackClock "0:00:20"]
[Board "124"]

1. e4 c5 2. Nf3 d6 3. d4 cxd4 4. Nxd4 Nf6 5. Nc3 g6 6. Be3 Bg7 7. h3 Nc6 8. Bc4 O-O 9. Bb3 Qa5 10. O-O Bd7 11. f4 Rac8 12. Qd2 Nxe4 13. Nxe4 Qxd2 14. Nxd2 Nxd4 15. c3 Nxb3 16. axb3 a6 17. Nc4 Bb5 18. Nb6 Bxf1 19. Nxc8 Rxc8 20. Rxf1 Kf8 21. Kf2 Ke8 22. Rd1 Kd7 23. Bd4 Bxd4+ 24. Rxd4 Rc6 25. Ke3 Rb6 26. b4 Rb5 27. g4 h5 28. Kf3 hxg4+ 29. hxg4 f5 30. gxf5 gxf5 31. Ke3 Ke6 32. Rc4 Kd7 33. Rd4 e6 34. Kf3 d5 35. Ke3 Kd6 36. Rd3 e5 37. fxe5+ Kxe5 38. Kf3 Rb6 39. Re3+ Kf6 40. Kf4 Rc6 41. Rd3 Rc4+ 42. Kf3 Ke5 43. Re3+ Re4 44. Rd3 Rh4 45. Kg3 Re4 46. Kf3 f4 47. b3 b5 48. Kf2 d4 49. c4 bxc4 50. bxc4 Re3 51. Rd2 Rc3 52. c5 Rb3 53. Ra2 Rxb4 54. Rxa6 Rc4 55. Ra5 Ke4 56. Ke2 f3+ 57. Ke1 Ke3 58. Ra3+ d3 59. Ra1 f2+ 60. Kf1 Rh4 61. Kg2 Rg4+ 62. Kh3 Rg1 63. c6 Rxa1 64. c7 Rc1 65. Kg3 f1=Q 66. c8=Q Rxc8 67. Kh4 Rg8 68. Kh5 Qf7+ 69. Kh4 Qh7# 0-1


[Site "https://www.chess.com"]

[Event "Titled Tuesday Blitz July 18 Early 2023"]
[White "arturdailima"]
[Black "Bueno, Alfeu Junior Varela"]
[BlackFideId "2108879"]
[WhiteElo "2260"]
[BlackElo "2384"]
[Result "0-1"]
[Round "11"]
[TimeControl "180+2"]
[Date "2023.07.18"]
[WhiteClock "0:02:36"]
[BlackClock "0:02:52"]
[Board "125"]

1. e4 e6 2. d4 d5 3. Nc3 Nf6 4. Bg5 Be7 5. e5 Nfd7 6. Bxe7 Qxe7 7. f4 O-O 8. Nf3 c5 9. Qd2 Nc6 10. dxc5 f6 11. Qe3 fxe5 12. fxe5 d4 13. Nxd4 Qh4+ 14. g3 Qxd4 15. Qxd4 Nxd4 16. Bc4 Nxe5 0-1


[Site "https://www.chess.com"]

[Event "Titled Tuesday Blitz July 18 Early 2023"]
[White "Sarkar, Justin"]
[Black "Goswami, Vedant"]
[WhiteFideId "2010011"]
[BlackFideId "5003725"]
[WhiteElo "2232"]
[BlackElo "2375"]
[Result "1/2-1/2"]
[Round "11"]
[TimeControl "180+2"]
[Date "2023.07.18"]
[WhiteClock "0:00:03"]
[BlackClock "0:00:04"]
[Board "126"]

1. e4 e5 2. f4 exf4 3. Nf3 Ne7 4. d4 d5 5. Nc3 dxe4 6. Nxe4 Nd5 7. Bd3 Be7 8. O-O O-O 9. c4 Ne3 10. Bxe3 fxe3 11. Qe2 Nc6 12. Qxe3 Bg4 13. d5 Nb4 14. Ne5 Bh5 15. Bb1 Bd6 16. Nxd6 cxd6 17. Nd3 Nxd3 18. Bxd3 Re8 19. Qd4 Qg5 20. Rae1 a6 21. Rxe8+ Rxe8 22. Qf4 Qxf4 23. Rxf4 Re3 24. Rd4 b6 25. Kf2 Re5 26. b4 Kf8 27. Re4 f6 28. Ke3 Ke7 29. Rxe5+ fxe5 30. Bxh7 a5 31. a3 Kf6 32. Be4 Bd1 33. g3 Bb3 34. Kd3 g5 35. Kc3 Bd1 36. bxa5 bxa5 37. c5 dxc5 38. Kc4 Ke7 39. Kxc5 Kd8 40. d6 Bb3 41. Kc6 Ba4+ 42. Kb6 Kd7 43. Kxa5 Bd1 44. Kb6 Kxd6 45. Bc6 Bc2 46. a4 e4 47. a5 e3 48. Bf3 Bd3 49. a6 e2 50. Bxe2 Bxe2 51. Kb7 Bf3+ 52. Kb8 Ke5 53. h4 gxh4 54. gxh4 Kf5 55. a7 Kg4 56. a8=Q Bxa8 57. Kxa8 Kxh4 1/2-1/2


[Site "https://www.chess.com"]

[Event "Titled Tuesday Blitz July 18 Early 2023"]
[White "Romero Ruscalleda, Josep"]
[Black "Kiseleva, Arina"]
[WhiteFideId "2231859"]
[BlackFideId "4164989"]
[WhiteElo "2365"]
[BlackElo "2209"]
[Result "1-0"]
[Round "11"]
[TimeControl "180+2"]
[Date "2023.07.18"]
[WhiteClock "0:01:52"]
[BlackClock "0:01:22"]
[Board "127"]

1. e4 c6 2. Nc3 d5 3. Nf3 dxe4 4. Nxe4 Nf6 5. Qe2 Nxe4 6. Qxe4 Qd5 7. Qh4 Qf5 8. Bc4 Be6 9. O-O Bxc4 10. Qxc4 e6 11. Qb3 Qb5 12. Qxb5 cxb5 13. d4 Bd6 14. Be3 Nd7 15. Rfd1 Nb6 16. b3 Rc8 17. Rac1 Ba3 18. Rb1 Rxc2 19. d5 Nxd5 20. Bxa7 b6 21. Nd4 Nc3 22. Nxc2 Nxb1 23. Rxb1 Ke7 24. Nxa3 1-0


[Site "https://www.chess.com"]

[Event "Titled Tuesday Blitz July 18 Early 2023"]
[White "Cardenas Carbajal, Nilson"]
[Black "Davidson, Kevin"]
[WhiteFideId "8401128"]
[BlackFideId "2056810"]
[WhiteElo "2178"]
[BlackElo "2338"]
[Result "0-1"]
[Round "11"]
[TimeControl "180+2"]
[Date "2023.07.18"]
[WhiteClock "0:00:00"]
[BlackClock "0:00:09"]
[Board "128"]

1. e4 c5 2. d4 cxd4 3. c3 dxc3 4. Nxc3 Nc6 5. Nf3 e6 6. Bc4 a6 7. O-O b5 8. Bb3 Na5 9. Re1 Nxb3 10. axb3 Bb7 11. Be3 Nf6 12. Nd5 Nxd5 13. exd5 Bxd5 14. Bb6 Qxb6 15. Qxd5 Qc6 16. Qe5 Rc8 17. Nd4 Qc5 18. Qf4 Bd6 19. Qg4 O-O 20. h4 f5 21. Qg5 Qxd4 22. Rxa6 Bc5 23. Rf1 Ra8 24. Rxa8 Rxa8 25. h5 h6 26. Qg6 Qf6 27. Qg3 f4 28. Qf3 Rf8 29. Rd1 d5 30. b4 Bd6 31. Qb3 f3 32. g3 Qg5 0-1


[Site "https://www.chess.com"]

[Event "Titled Tuesday Blitz July 18 Early 2023"]
[White "Lisjak, Zlatko"]
[Black "Nithyalakshmi, Sivanesan"]
[WhiteFideId "14502186"]
[BlackFideId "5706955"]
[WhiteElo "2158"]
[BlackElo "2331"]
[Result "0-1"]
[Round "11"]
[TimeControl "180+2"]
[Date "2023.07.18"]
[WhiteClock "0:00:00"]
[BlackClock "0:00:40"]
[Board "129"]

1. e4 e6 2. d3 d5 3. Nd2 c5 4. Ngf3 Nc6 5. g3 Be7 6. Bg2 Nf6 7. O-O O-O 8. Re1 Qc7 9. Qe2 b5 10. e5 Nd7 11. c3 b4 12. Nf1 a5 13. h4 Ba6 14. h5 Rfe8 15. N1h2 f6 16. exf6 Bxf6 17. Bd2 e5 18. Ng5 e4 19. c4 Nd4 20. Qg4 Ne5 21. Qh4 Nxd3 22. cxd5 Nxe1 23. Rxe1 Bd3 24. Ng4 Qd8 25. h6 Nf5 26. Nxf6+ Qxf6 27. Qg4 Nxh6 28. Qd7 Rf8 29. Be3 Nf5 30. Bxc5 Rfd8 31. Qe6+ Qxe6 32. dxe6 h6 33. Nxe4 Bxe4 34. Bxe4 Rac8 35. e7 Nxe7 36. Bxe7 Re8 0-1


[Site "https://www.chess.com"]

[Event "Titled Tuesday Blitz July 18 Early 2023"]
[White "Alain_Otero"]
[Black "Horokoskii"]
[WhiteElo "2324"]
[BlackElo "2124"]
[Result "1-0"]
[Round "11"]
[TimeControl "180+2"]
[Date "2023.07.18"]
[WhiteClock "0:00:04"]
[BlackClock "0:00:59"]
[Board "130"]

1. e4 e6 2. d4 d5 3. Nc3 Nf6 4. e5 Nfd7 5. f4 c5 6. Nf3 Nc6 7. Be3 a6 8. Qd2 b5 9. dxc5 Bxc5 10. Nd4 Qb6 11. O-O-O O-O 12. Qf2 Nxd4 13. Bxd4 Bb7 14. Kb1 Rac8 15. Bxc5 Qxc5 16. Qxc5 Nxc5 17. Rd4 Rc7 18. Bd3 Rfc8 19. Re1 g6 20. g4 Nd7 21. f5 Nb8 22. fxe6 fxe6 23. Rf4 Rf8 24. Rxf8+ Kxf8 25. Ne2 Rf7 26. Nd4 Bc8 27. Rf1 Bd7 28. g5 Nc6 29. Nxc6 Bxc6 30. c3 a5 31. Kc2 b4 32. cxb4 axb4 33. Kb3 Kg7 34. Rxf7+ Kxf7 35. Kxb4 Ke7 36. Kc5 Be8 37. b3 Kd7 38. a4 Kc7 39. a5 Bf7 40. Bb5 Bg8 41. Be8 Kb7 42. b4 Kc7 43. b5 Kd8 44. Bc6 Bf7 45. a6 Kc7 46. a7 1-0


[Site "https://www.chess.com"]

[Event "Titled Tuesday Blitz July 18 Early 2023"]
[White "Hrescak, Ivana"]
[Black "Zaksaite, Salomeja"]
[WhiteFideId "14613441"]
[BlackFideId "12801496"]
[WhiteElo "2118"]
[BlackElo "2290"]
[Result "1-0"]
[Round "11"]
[TimeControl "180+2"]
[Date "2023.07.18"]
[WhiteClock "0:00:03"]
[BlackClock "0:00:00"]
[Board "131"]

1. e4 c5 2. Nf3 Nc6 3. Bb5 e6 4. Bxc6 bxc6 5. b3 d6 6. Bb2 e5 7. O-O Nf6 8. Re1 Bg4 9. h3 Bh5 10. d3 Be7 11. Nbd2 Qd7 12. Nf1 Bg6 13. Ng3 O-O 14. c3 Rfe8 15. d4 cxd4 16. cxd4 exd4 17. Nxd4 Bf8 18. Qf3 Qb7 19. Ndf5 Nd7 20. Rad1 Qc7 21. h4 Ne5 22. Qf4 f6 23. h5 Bf7 24. h6 g6 25. Nd4 Qe7 26. Qd2 Ng4 27. Qf4 Nxh6 28. Nf3 Bg7 29. Rxd6 g5 30. Qd2 Rad8 31. Rd1 Rxd6 32. Qxd6 Ng4 33. Qxc6 Rd8 34. Re1 h5 35. Nf5 Qe6 36. Qc7 Rc8 37. Qxa7 Rc2 38. Nxg7 Kxg7 39. Qd4 Rxf2 40. Nxg5 Qe5 41. Qxe5 fxe5 42. Bxe5+ Kg6 43. Nxf7 1-0


[Site "https://www.chess.com"]

[Event "Titled Tuesday Blitz July 18 Early 2023"]
[White "Clawitter, Craig"]
[Black "Feliz Dotel, Dewar Bienvenido"]
[WhiteFideId "2023105"]
[BlackFideId "6402801"]
[WhiteElo "2272"]
[BlackElo "2065"]
[Result "1-0"]
[Round "11"]
[TimeControl "180+2"]
[Date "2023.07.18"]
[WhiteClock "0:00:20"]
[BlackClock "0:00:00"]
[Board "132"]

1. e4 e5 2. Nf3 Nc6 3. Bb5 Nf6 4. d3 Ne7 5. O-O c6 6. Ba4 Ng6 7. Nc3 Be7 8. d4 d6 9. Re1 O-O 10. h3 a5 11. a3 b5 12. Bb3 a4 13. Ba2 Qb6 14. Be3 Qc7 15. Qd2 Re8 16. Rad1 Nh5 17. Bg5 Nhf4 18. Ne2 Bxg5 19. Nxg5 Be6 20. d5 cxd5 21. Nxe6 fxe6 22. Nxf4 Nxf4 23. exd5 exd5 24. Bxd5+ Nxd5 25. Qxd5+ Kh8 26. c3 Rad8 27. Qxb5 Qf7 28. Qxa4 Rf8 29. Qc2 Rb8 30. b4 Qf6 31. c4 Ra8 32. a4 Rab8 33. b5 Rfc8 34. Rd5 Qe6 35. Red1 Rd8 36. c5 1-0


[Site "https://www.chess.com"]

[Event "Titled Tuesday Blitz July 18 Early 2023"]
[White "Cardozo Munar, Carlos Eduardo"]
[Black "Slovineanu, Viacheslav"]
[WhiteFideId "4409477"]
[BlackFideId "13900510"]
[WhiteElo "2255"]
[BlackElo "2342"]
[Result "0-1"]
[Round "11"]
[TimeControl "180+2"]
[Date "2023.07.18"]
[WhiteClock "0:00:00"]
[BlackClock "0:01:05"]
[Board "133"]

1. e4 c6 2. Nf3 d5 3. Nc3 dxe4 4. Nxe4 Nf6 5. Ng3 c5 6. Bc4 e6 7. O-O Nc6 8. Re1 Be7 9. Nf5 exf5 10. d3 O-O 11. a3 Bd6 12. Bg5 h6 13. Bh4 Be6 14. Bxe6 fxe6 15. Rxe6 Qd7 16. Re2 g5 17. Bxg5 hxg5 18. Nxg5 Rae8 19. Re3 Rxe3 20. fxe3 Ng4 21. Qf3 Qe7 22. Qd5+ Kh8 23. Nh3 Qxe3+ 24. Kh1 Qe5 25. Qxe5+ Bxe5 26. Re1 Bxb2 27. Rb1 Re8 28. Ng5 b6 29. h3 Bf6 30. a4 Bxg5 0-1


[Site "https://www.chess.com"]

[Event "Titled Tuesday Blitz July 18 Early 2023"]
[White "Schut, Han"]
[Black "Gyulamiryan-koryun"]
[WhiteFideId "1005561"]
[WhiteElo "2283"]
[BlackElo "1891"]
[Result "0-1"]
[Round "11"]
[TimeControl "180+2"]
[Date "2023.07.18"]
[WhiteClock "0:00:00"]
[BlackClock "0:01:45"]
[Board "134"]

1. e4 c6 2. d4 d5 3. exd5 cxd5 4. c4 Nf6 5. Nc3 dxc4 6. Bxc4 e6 7. Nf3 Nc6 8. O-O Bd6 9. h3 a6 10. Re1 O-O 11. Bg5 h6 12. Be3 b5 13. Bb3 Bb7 14. Rc1 Rc8 15. Bc2 Na5 16. d5 exd5 17. Bd4 Nc4 18. Bxf6 Qxf6 19. Qd3 g6 20. Nxd5 Bxd5 21. Qxd5 Rfd8 22. Qe4 Nxb2 23. Qe3 Kg7 24. Bb3 Bf4 0-1


[Site "https://www.chess.com"]

[Event "Titled Tuesday Blitz July 18 Early 2023"]
[White "ArchibaldCerveza29"]
[Black "Tqebuchava, Zurab"]
[BlackFideId "13601113"]
[WhiteElo "2426"]
[BlackElo "2112"]
[Result "1-0"]
[Round "11"]
[TimeControl "180+2"]
[Date "2023.07.18"]
[WhiteClock "0:00:04"]
[BlackClock "0:00:00"]
[Board "135"]

1. d4 d6 2. c4 Nf6 3. Nc3 Nbd7 4. e4 e5 5. Nf3 exd4 6. Nxd4 Be7 7. Be3 O-O 8. Be2 Nc5 9. f3 a5 10. O-O c6 11. Rb1 Re8 12. a3 a4 13. Qc2 h6 14. f4 Bg4 15. Rbd1 Bxe2 16. Ndxe2 Qc7 17. Bxc5 dxc5 18. e5 Nh7 19. Nxa4 Nf8 20. Nac3 Ne6 21. Ne4 Red8 22. f5 Nd4 23. Nxd4 cxd4 24. f6 Bf8 25. fxg7 Bxg7 26. Nf6+ Bxf6 27. exf6 Ra5 28. Qe4 Qe5 29. Qf3 Qg5 30. Rd3 Kh7 31. Qe4+ Qg6 32. Qe7 Rg8 33. Rg3 Rg5 34. Rxg5 hxg5 35. Rf3 g4 36. Rg3 d3 37. Qd7 Qxf6 38. Qxd3+ Qg6 39. Qe2 Qg5 40. Qe4+ Qg6 41. Qe3 Qg5 42. Qxg5 1-0


[Site "https://www.chess.com"]

[Event "Titled Tuesday Blitz July 18 Early 2023"]
[White "Quirke, Jeffrey"]
[Black "Floresvillar Gonzalez, Luis Migu"]
[WhiteFideId "2013029"]
[BlackFideId "5100542"]
[WhiteElo "2211"]
[BlackElo "2069"]
[Result "1-0"]
[Round "11"]
[TimeControl "180+2"]
[Date "2023.07.18"]
[WhiteClock "0:00:03"]
[BlackClock "0:00:00"]
[Board "136"]

1. c4 c6 2. g3 d5 3. Bg2 Nf6 4. Nf3 Bg4 5. O-O e6 6. b3 Nbd7 7. Bb2 Be7 8. d3 O-O 9. Nbd2 h5 10. Rc1 Rc8 11. Rc2 a5 12. Qa1 Ne8 13. h3 Bxf3 14. Nxf3 Bf6 15. Rfc1 Bxb2 16. Qxb2 Nef6 17. cxd5 exd5 18. a3 Qb6 19. b4 axb4 20. axb4 Rfe8 21. Qd4 Ra8 22. Qxb6 Nxb6 23. Nd4 Nfd7 24. Nf5 Re6 25. Kf1 g6 26. Nd4 Ree8 27. Nb3 Ra3 28. Na5 Rb8 29. Rc3 Ra4 30. Rb1 Nc8 31. f4 Nd6 32. e4 dxe4 33. dxe4 Nb5 34. Rd3 Nf6 35. e5 Nd5 36. Bxd5 cxd5 37. Rb2 d4 38. Kf2 Rc8 39. Nxb7 Rc1 40. Nd6 Nc7 41. Rxd4 Ne6 42. Rd3 Raa1 43. b5 Nc5 44. Re3 Rf1+ 45. Ke2 Rae1+ 46. Kd2 Rd1+ 47. Kc3 Rc1+ 48. Kb4 Ne6 49. b6 Nd8 50. b7 Nxb7 51. Nxb7 h4 52. gxh4 Rxf4+ 53. Kb5 Rxh4 54. Nd6 Rc7 55. Rf2 Re7 56. Kc6 Rc4+ 57. Nxc4 1-0


[Site "https://www.chess.com"]

[Event "Titled Tuesday Blitz July 18 Early 2023"]
[White "Johnson, Ben"]
[Black "Saim, Mohamed Ilias"]
[WhiteFideId "2010917"]
[BlackFideId "7900465"]
[WhiteElo "2111"]
[BlackElo "1917"]
[Result "1-0"]
[Round "11"]
[TimeControl "180+2"]
[Date "2023.07.18"]
[WhiteClock "0:02:23"]
[BlackClock "0:01:17"]
[Board "137"]

1. Nf3 Nf6 2. c4 c5 3. g3 g6 4. b3 Bg7 5. Bb2 Nc6 6. Bg2 O-O 7. O-O d5 8. cxd5 Nxd5 9. Bxg7 Kxg7 10. d4 Nxd4 11. Nxd4 cxd4 12. Qxd4+ Nf6 13. Qe5 Qb6 14. Nc3 Be6 15. Na4 Qb4 16. Nc5 Qb5 17. Nxe6+ 1-0


[Site "https://www.chess.com"]

[Event "Titled Tuesday Blitz July 18 Early 2023"]
[White "Navyblue1"]
[Black "Kiseljova, Marya"]
[BlackFideId "4155009"]
[WhiteElo "1852"]
[BlackElo "2123"]
[Result "1/2-1/2"]
[Round "11"]
[TimeControl "180+2"]
[Date "2023.07.18"]
[WhiteClock "0:00:21"]
[BlackClock "0:00:13"]
[Board "139"]

1. d4 d5 2. c4 e6 3. Nc3 Nf6 4. cxd5 exd5 5. Bg5 c6 6. Qc2 Be7 7. e3 O-O 8. Bd3 h6 9. Bh4 Nh5 10. Bxe7 Qxe7 11. Nge2 Qg5 12. O-O Bh3 13. Ng3 Nxg3 14. hxg3 Bg4 15. b4 a6 16. a4 Nd7 17. b5 axb5 18. axb5 Rfb8 19. Ne2 Bxe2 20. Bxe2 Qf6 21. Rfc1 Rxa1 22. Rxa1 c5 23. Rd1 c4 24. e4 dxe4 25. Bxc4 Nb6 26. Bb3 Qf5 27. Re1 Qxb5 28. Rxe4 Rc8 29. Qd1 Nc4 30. Bxc4 Qxc4 31. Qe2 Qd5 32. Re8+ Rxe8 33. Qxe8+ Kh7 34. Qe3 b5 35. Qd3+ g6 36. Qc3 Qd6 37. Qb3 Kg7 38. Qxb5 Qxd4 39. Qb7 Qd1+ 40. Kh2 Qh5+ 41. Kg1 Qe5 42. Qf3 Qe1+ 43. Kh2 Qe6 44. Qc3+ Qf6 45. Qxf6+ Kxf6 46. g4 Kg5 47. Kg3 Kf6 48. Kf4 g5+ 49. Ke4 Ke6 50. f3 Kf6 51. g3 Kg6 52. f4 h5 53. gxh5+ Kxh5 54. fxg5 Kxg5 55. Kf3 f5 56. Ke3 Kg4 57. Kf2 Kh5 58. Kf3 Kg5 59. Kg2 Kg4 60. Kf2 f4 61. gxf4 Kxf4 1/2-1/2


[Site "https://www.chess.com"]

[Event "Titled Tuesday Blitz July 18 Early 2023"]
[White "rikchessmx"]
[Black "Goughfather"]
[WhiteElo "2253"]
[BlackElo "1990"]
[Result "1-0"]
[Round "11"]
[TimeControl "180+2"]
[Date "2023.07.18"]
[WhiteClock "0:02:11"]
[BlackClock "0:00:00"]
[Board "140"]

1. e4 c6 2. d4 d5 3. Nc3 dxe4 4. Nxe4 Nf6 5. Ng5 h6 6. N5f3 Bf5 7. Bc4 e6 8. Ne5 Nbd7 9. Ngf3 Nxe5 10. Nxe5 Be7 11. g4 Be4 12. f3 Bd5 13. Bd3 c5 14. Bb5+ Kf8 15. c4 Bc6 16. Bxc6 bxc6 17. Nxc6 Qc7 18. Nxe7 Qxe7 19. dxc5 Qxc5 20. Qe2 Rc8 21. b3 Nd7 22. Bb2 Qb4+ 23. Kf2 Qb6+ 24. Kg2 f6 25. Rhe1 Kf7 26. Rad1 Nb8 27. Bd4 Qb7 28. Qxe6+ Kg6 29. h4 Rhe8 30. Qf5+ Kf7 31. Qh5+ g6 32. Qxh6 Rh8 33. Qf4 Qc6 34. g5 Nd7 35. Bc3 1-0


[Site "https://www.chess.com"]

[Event "Titled Tuesday Blitz July 18 Early 2023"]
[White "Gardezi, Arsal"]
[Black "Winkels, Marcel"]
[WhiteFideId "30949521"]
[BlackFideId "1003887"]
[WhiteElo "2330"]
[BlackElo "2063"]
[Result "1-0"]
[Round "11"]
[TimeControl "180+2"]
[Date "2023.07.18"]
[WhiteClock "0:01:20"]
[BlackClock "0:00:00"]
[Board "141"]

1. d4 Nf6 2. c4 g6 3. Nc3 d5 4. e3 Bg7 5. Nf3 O-O 6. Bd3 b6 7. O-O Bb7 8. cxd5 Nxd5 9. e4 Nxc3 10. bxc3 c5 11. Bb2 Nc6 12. d5 Ne5 13. Nxe5 Bxe5 14. Qe2 e6 15. c4 Bxb2 16. Qxb2 exd5 17. exd5 Re8 18. Rfe1 Qg5 19. h3 h5 20. Be4 Rad8 21. Bf3 h4 22. a4 Ba6 23. Qc3 Qf4 24. Be2 Re4 25. Bf1 Rde8 26. Rxe4 Qxe4 27. a5 Bc8 28. axb6 axb6 29. Ra7 Qe5 30. Qf3 Re7 31. Ra8 Re8 32. Qb3 Qg5 33. Qxb6 Bxh3 34. Rxe8+ 1-0